 Dungeon Crawl Stone Soup version 0.23-a0-319-gb40ba49 (webtiles) character file.

39 Amnesiac the Digger (level 3, 0/28 HPs)
             Began as a Deep Dwarf Earth Elementalist on Oct 15, 2018.
             Slain by Pikel
             ... wielding a +1 whip of electrocution
              (13 damage)
             ... on level 3 of the Dungeon.
             The game lasted 00:02:27 (560 turns).

Amnesiac the Digger (Deep Dwarf Earth Elementalist)  Turns: 560, Time: 00:02:28

Health: 0/28       AC:  3    Str: 16    XL:     3   Next: 28%
Magic:  3/5        EV: 12    Int: 16    God:
Gold:   26         SH:  0    Dex: 13    Spells: 3/6 levels left

rFire    . . .     SeeInvis .   a - +0 dagger
rCold    . . .     Gourm    .   (no shield)
rNeg     . . .     Faith    .   j - +0 leather armour
rPois    .         Spirit   .   (no helmet)
rElec    .         Reflect  .   (no cloak)
rCorr    .         Harm     .   (no gloves)
MR       .....                  (no boots)
Stlth    ++........             (no amulet)
HPRegen  0.00/turn              (no ring)
MPRegen  0.09/turn              (no ring)

@: mighty, non-regenerating
A: damage resistance, heal wounds, sense surroundings 1, no regeneration
a: Heal Wounds


You were on level 3 of the Dungeon.
You were not hungry.

You visited 1 branch of the dungeon, and saw 4 of its levels.

You collected 26 gold pieces.

Inventory:

Hand Weapons
 a - a +0 dagger (weapon)
 b - a +2 hunting sling of velocity
Missiles
 e - 50 stones (quivered)
Armour
 c - a +0 robe
 j - a +0 leather armour (worn)
Scrolls
 h - 2 scrolls of amnesia {!r, unknown}
 i - a scroll of teleportation {!r, unknown}
Comestibles
 d - a ration
 g - a chunk of flesh


   Skills:
 - Level 2.1 Dodging
 - Level 2.4 Stealth
 + Level 2.3 Spellcasting
 - Level 0.8 Transmutations
 * Level 5.3 Earth Magic


You had 3 spell levels left.
You knew the following spells:

 Your Spells              Type           Power        Failure   Level  Hunger
a - Sandblast             Erth           ###...       2%          1    #......
b - Passwall              Tmut/Erth      ##......     11%         2    ###....

Your spell library contained the following spells:

 Spells                   Type           Power        Failure   Level  Hunger
 Stone Arrow              Conj/Erth      ##....       24%         3    ###....
 Petrify                  Tmut/Erth      ##......     56%         4    #####..
 Lee's Rapid Deconstruct  Erth           ###.......   58%         5    ######.


Dungeon Overview and Level Annotations

Branches:
Dungeon (4/15)
 Temple: D:4-7

Altars:

Annotations:
D:3 Pikel


Innate Abilities, Weirdness & Mutations

You are resistant to damage.
You can heal yourself by infusing magical energy.
You passively map a small area around you.
You do not regenerate.


Message History

The blast of sand hits the slave.
The slave is almost dead.
e - 53 stones The slave hits you.
Casting: Sandblast (safe; 3% risk of failure)
Confirm with . or Enter, or press ? or * to list all spells.
Aiming: Sandblast (safe; 3% risk of failure)
Press: ? - help, Shift-Dir - straight line, f/p - slave
Aim: a slave, wearing an animal skin (almost dead)
The blast of sand hits the slave.
You kill the slave!
That felt strangely unrewarding.
e - 52 stones
There is a stone staircase leading up here.
Things that are here:
a whip; an orc skeleton
Okay, then.
Really quaff
k - an emerald potion {!q}?
It was a potion of might {!q}.
You feel very mighty all of a sudden.
Pikel hits you with a whip of electrocution.
Wield which item (- for none, * to show all)? (? for menu, Esc to quit)
Okay, then.
Wield which item (- for none, * to show all)? (? for menu, Esc to quit)
a - a +0 dagger (weapon)
You closely miss Pikel.
Pikel is lightly wounded.
Pikel hits you with a whip of electrocution!
* * * LOW HITPOINT WARNING * * *
You hit Pikel but do no damage.
Pikel is lightly wounded.
Pikel closely misses you.
You puncture Pikel!
Pikel is moderately wounded.
Pikel hits you with a whip of electrocution.
* * * LOW HITPOINT WARNING * * *
You are electrocuted!
* * * LOW HITPOINT WARNING * * *
Unknown command.
Your magical essence is drained by the effort!
You feel much better.
Pikel hits you with a whip of electrocution.
Some of the chunks of flesh in your inventory have rotted away.
Casting: Sandblast (safe; 2% risk of failure)
Confirm with . or Enter, or press ? or * to list all spells.
Aiming: Sandblast (safe; 2% risk of failure)
Press: ? - help, Shift-Dir - straight line, f - Pikel
Aim: Pikel, wielding a whip of electrocution and wearing a robe (moderately The blast of sand hits Pikel.
Pikel is moderately wounded.
e - 51 stones Pikel hits you with a whip of electrocution.
Casting: Sandblast (safe; 2% risk of failure)
Confirm with . or Enter, or press ? or * to list all spells.
Aiming: Sandblast (safe; 2% risk of failure)
Press: ? - help, Shift-Dir - straight line, f/p - Pikel
Aim: Pikel, wielding a whip of electrocution and wearing a robe (moderately The blast of sand hits Pikel.
Pikel is heavily wounded.
e - 50 stones Pikel hits you with a whip of electrocution!
* * * LOW HITPOINT WARNING * * *
You are electrocuted!
You die...

#.#รท## #.############# #.#..#
#.#.....#.....## #.#..#
#.....<........## #.#..#
#...............# #.#..#
#...............#
##.#..####................ *
*#.............)..........#
..............................
#####..##....@K......[....[.##
* #..##......#.....#........ *
#..##......###..##.####... *
#..###.##..##..###.# ..
#..###......).## #.# .
#....[<###.##### #.# **,
#...##.# #.....###.# *,,
#..###.# #..##..##.. , #..#
#.###....# .... *


You could see Pikel.

Vanquished Creatures
  A slave (D:3)
  An adder (D:3)
  An ooze (D:3)
  2 dart slugs (D:3)
  2 leopard geckos
  5 orcs (D:3)
  A hobgoblin (D:2)
  A quokka (D:2)
  2 bats
  A kobold (D:3)
  A rat (D:3)
18 creatures vanquished.

Notes
Turn   | Place    | Note
-------+----------+-------------------------------------------
     0 | D:1      | Amnesiac the Deep Dwarf Earth Elementalist began the quest
                  | for the Orb.
     0 | D:1      | Reached XP level 1. HP: 15/15 MP: 3/3
    90 | D:1      | You fall through a shaft!
   233 | D:3      | Reached XP level 2. HP: 10/22 MP: 5/5
   244 | D:3      | Learned a level 2 spell: Passwall
   279 | D:3      | Reached skill level 5 in Earth Magic
   432 | D:3      | Reached XP level 3. HP: 7/28 MP: 6/6
   476 | D:4      | Noticed a slave
   478 | D:4      | Noticed a slave
   480 | D:4      | Noticed a slave
   481 | D:4      | Noticed Pikel
   482 | D:4      | Noticed a slave
   525 | D:3      | Killed a slave
   560 | D:3      | Slain by Pikel

Vault maps used:
D:1:      dpeg_arrival_arbitrary_a
D:2:      cheibrodos_pilgrimage
D:3:      gammafunk_temple_overflow_wave, serial_glass, glass_columns_a,
          glass_columns_b, glass_columns_b
D:4:      kennysheep_mini, first_ration, uniq_robin, uniq_edmund, uniq_ijyb,
          uniq_sigmund, uniq_pikel

Skill      XL: |  1  2 |
---------------+-------+-----
Spellcasting   | 2 |  2.3
Earth Magic    | 5 |  5.3
Dodging        | |  2.1
Stealth        | |  2.4
Transmutations | |  0.8

Action                   || total
-------------------------++-------
Melee: Dagger            ||    11
 Fire: Hunting sling     ||    39
 Cast: Sandblast         ||    11
 Abil: Heal Wounds       ||     2
  Use: Potion            ||     4
 Stab: Sleeping          ||     1
Armor: Robe              ||     2
       Leather armour    ||     1
Dodge: Dodged            ||    12

Table legend:
 A = Non-vault XP
 B = Vault XP
 C = Vault XP percentage of total XP
 D = Non-vault monster count
 E = Vault monster count
 F = Vault count percentage of total count
                 A         B        C        D         E       F
            +---------+---------+-------+---------+---------+-------
      Total |      57 |       0 |   0.0 |      17 |       0 |   0.0
            +---------+---------+-------+---------+---------+-------
        D:1 |       3 |       0 |   0.0 |       1 |       0 |   0.0
        D:2 |       5 |       0 |   0.0 |       3 |       0 |   0.0
        D:3 |      46 |       0 |   0.0 |      12 |       0 |   0.0
        D:4 |       3 |       0 |   0.0 |       1 |       0 |   0.0
            +---------+---------+-------+---------+---------+-------
